 Dungeon Crawl Stone Soup version 0.31-a0-1093-gadecf4124d (webtiles) character file.

Game seed: 10790207044857455525

222146 Gumption the Warrior (level 19, -5/130 HPs)
             Began as a Gargoyle Fighter on Nov 28, 2023.
             Was a High Priest of Trog.
             Splashed by a goliath frog's acid (11 damage)
             ... on level 2 of the Swamp on Nov 29, 2023.
             The game lasted 05:07:39 (34977 turns).

Gumption the Warrior (Gargoyle Fighter)            Turns: 34977, Time: 05:07:39

Health: -5/130     AC: 42    Str: 22    XL:     19   Next: 22%
Magic:  19/19      EV: 10    Int: 11    God:    Trog [*****.]
Gold:   1667       SH: 20    Dex: 13    Spells: 18/18 levels left

rFire   + + .        a - +3 demon whip (venom)
rCold   . . .        Z - +2 kite shield {AC+3}
rNeg    + + .        R - +4 plate armour of the Hot Ocelot {rF+ Regen+}
rPois   ∞            H - +2 helmet
rElec   +            i - +2 cloak {Will+}
rCorr   .            j - +0 pair of gloves
SInv    +            A - +0 pair of boots
Will    +++++        m - amulet of reflection Stlth
                     C - ring "Geaschakk" {rF+ rN+ Will+ SInv}
HPRegen 2.21/turn    P - +4 ring of protection
MPRegen 0.16/turn

%: reflection
@: strong-willed, corroded, flying, regenerating
A: sickness immunity, AC +14, big wings, negative energy resistance 1,
electricity resistance, torment resistance 1, petrification resistance
}: 1/15 runes: gossamer
a: Renounce Religion, Berserk, Trog's Hand, Brothers in Arms


You were on level 2 of the Swamp.
You worshipped Trog.
Trog was extremely pleased with you.
You visited 6 branches of the dungeon, and saw 29 of its levels.
You also visited: Sewer, Bailey, Gauntlet and Volcano.

You collected 3843 gold pieces.
You spent 2176 gold pieces at shops.

Inventory:

Hand Weapons
 a - a +3 demon whip of venom (weapon)
 M - a +0 vampiric morningstar
Missiles
 o - 51 poisoned darts
 t - 3 throwing nets
 J - a curare-tipped dart
 Y - 19 javelins (quivered)
Armour
 i - a +2 cloak of willpower (worn)
 j - a +0 pair of gloves (worn)
 A - a +0 pair of boots (worn)
 H - a +2 helmet (worn)
 R - the +4 plate armour of the Hot Ocelot (worn) {rF+ Regen+}
   (You bought it in a shop on level 2 of the Orcish Mines)

   rF+:       It protects you from fire.
   Regen+:    It increases your rate of health regeneration.
 Z - a +2 kite shield of protection (worn)
Jewellery
 e - a ring of ice
 g - a ring of resist corrosion
 m - an amulet of reflection (around neck)
 C - the ring "Geaschakk" (left hand) {rF+ rN+ Will+ SInv}
   (You acquired it on level 2 of the Spider Nest)

   [ring of see invisible]

   rF+:       It protects you from fire.
   rN+:       It protects you from negative energy.
   Will+:     It increases your willpower.
   SInv:      It lets you see invisible.
 P - a +4 ring of protection (right hand)
Wands
 d - a wand of polymorph (15)
 f - a wand of paralysis (23)
 k - a wand of iceblast (6)
 B - a wand of digging (14)
 G - a wand of acid (20)
 N - a wand of mindburst (8)
 Q - a wand of flame (44)
Scrolls
 n - 9 scrolls of fear
 q - 2 scrolls of summoning
 u - 16 scrolls of teleportation
 x - 4 scrolls of blinking
 O - 2 scrolls of fog
 T - 4 scrolls of poison
 U - a scroll of silence
 V - a scroll of immolation
Potions
 b - a potion of attraction
 c - 2 potions of invisibility
 h - 8 potions of haste
 l - 4 potions of resistance
 r - 4 potions of cancellation
 s - 4 potions of might
 v - 6 potions of heal wounds
 w - 2 potions of lignification
 F - 3 potions of mutation
 K - 5 potions of enlightenment
 L - 6 potions of ambrosia
 S - 2 potions of magic
 W - 5 potions of curing
Miscellaneous
 E - a phial of floods


   Skills:
 + Level 18.2 Fighting
 + Level 16.2 Maces & Flails
 - Level 12.0 Throwing
 + Level 18.2 Armour
 - Level 8.0 Dodging
 + Level 14.6 Shields
 - Level 3.0 Evocations


You had 18 spell levels left.
You didn't know any spells.
Your spell library was empty.

Dungeon Overview and Level Annotations

Branches:
Dungeon (15/15)            Temple (1/1) D:7            Lair (5/5) D:10
  Swamp (2/4) Lair:2       Spider (4/4) Lair:2        Slime (0/5) Lair:4
    Orc (2/2) D:9             Elf (0/3) Orc:2        Vaults (0/5) D:14
 Depths (0/4) D:15          Sewer (visited)          Bailey (visited)
Volcano (visited)         Gauntlet (visited)

Altars:
Ashenzari
Cheibriados
Dithmenos
Elyvilon
Fedhas
Gozag
Hepliaklqana
Kikubaaqudgha
Makhleb
Nemelex Xobeh
Okawaru
Qazlal
Ru
Sif Muna
Trog
Uskayaw
Vehumet
Wu Jian
Xom
Yredelemnul
Zin
The Shining One
Jiyva

Shops:
D:3 !   D:5 !   D:14 (   D:15 *   Orc:1 ?*   Orc:2 (*![

Annotations:
Lair:1 2 transporters, Acikaus's ghost, journeyman MiFi
Spider:3 2 transporters, Taweuko's ghost, adept TrSh


Innate Abilities, Weirdness & Mutations

You are immune to sickness and miasma.
Your stone body is resilient. (AC +14)
You are immune to poison.
Your large and strong wings let you fly.
You resist negative energy. (rN+)
You are resistant to electric shocks. (rElec)
You are resistant to unholy torment.
You are immune to petrification.


Message History

The goliath frog hits you but does no damage.
The alligator bites you.
* * * LOW HITPOINT WARNING * * *
The alligator tail-slaps you but does no damage.
You block the swamp worm's attack.
The swamp worm fires a harpoon shot at you.
The harpoon shot hits you but does no damage.
The alligator bites you but does no damage.
The alligator barely misses you. You block the goliath frog's attack. x2
The alligator bites you!
* * * LOW HITPOINT WARNING * * *
The alligator tail-slaps you but does no damage.
The swamp worm misses you.
The alligator attacks as it pursues you!
The alligator bites you but does no damage.
You block the alligator's attack. You block the goliath frog's attack.
The alligator bites you!
* * * LOW HITPOINT WARNING * * *
The alligator tail-slaps you but does no damage.
The goliath frog hits you but does no damage.
The swamp worm bites you but does no damage.
The goliath frog no longer looks unusually strong.
The alligator attacks as it pursues you!
You block the alligator's attack. The alligator tail-slaps you!
* * * LOW HITPOINT WARNING * * *
You block the goliath frog's attack.
The goliath frog attacks as it pursues you!
The goliath frog hits you but does no damage.
The swamp worm bites you!
* * * LOW HITPOINT WARNING * * *
You feel much better.
The swamp worm no longer looks unusually strong.
You block the alligator's attack. x2; You block the goliath frog's attack.
The bunyip claws you!!
* * * LOW HITPOINT WARNING * * *
The bunyip barely misses you. The bunyip closely misses you.
The goliath frog hits you from afar!
* * * LOW HITPOINT WARNING * * *
You are splashed with acid!
You die...

~...♣♣~~..~..~~.~.
♣.~.....~~~~§~~.♣♣
♣~....♣..~.~..~~♣
♣..........~....~
♣.♣..~........#
♣.~(...)....#
♣♣♣♣.wtF.###...#
♣♣.~~~xtwF# ..:
~♣♣.....~@..# .
~~...~♣.....#♣♣..
~~~.~~.[~.........
~~~.........~...#♣
~~~.~~~<~~....~~..
....~~~~~~~.~[....
..~....~~~..♣♣♣♣.~
~~..~♣.~~~~.♣ ♣♣
♣♣♣.♣♣♣~~~.~♣


You could see a bunyip (strong), 2 alligators, 2 goliath frogs and 2 swamp
worms.

Vanquished Creatures
  Mara (Spider:4)
  Arachne (Spider:2)
  Kirke (Spider:1)
  Frances (Spider:2)
  7 emperor scorpions
  Louise (Spider:1)
  4 ghost moths
  2 broodmothers (Spider:3)
  2 eleionomae (Swamp:1)
  2 bunyips (Swamp:1)
  4 spark wasps
  A minotaur (Gauntlet)
  An ettin (D:15)
  6 entropy weavers
  3 hydras
  Harold (Lair:2)
  10 vault guards
  3 alligators (Swamp:1)
  3 jorogumos
  3 radroaches
  2 ghost crabs
  3 centaur warriors
  4 ogre magi (Orc:2)
  A catoblepas (Gauntlet)
  20 two-headed ogres
  4 boulder beetles
  An orc high priest (Orc:1)
  2 tengu warriors (D:15)
  An occultist (D:15)
  5 demonic crawlers
  A hell knight (Volcano)
  A skyshark (Lair:4)
  Amaemon (D:8)
  A spectral death yak (Lair:2)
  7 pharaoh ants
  2 sun moths (Spider:2)
  9 orb spiders
  2 spriggan druids
  A bog body (Swamp:1)
  An orange crystal statue (Gauntlet)
  5 steelbarb worms
  2 arcanists
  16 wolf spiders
  2 lindwurms
  8 cyclopes
  A deep elf pyromancer (D:12)
  2 orc knights
  2 oklob plants (D:10)
  An orc sorcerer (Orc:2)
  5 manticores
  9 ugly things
  2 will-o-the-wisps (Swamp:1)
  3 moths of wrath
  2 black mambas
  6 elephants (Lair:3)
  5 torpor snails
  14 cane toads
  A molten gargoyle (Lair:1)
  A water nymph (shapeshifter) (D:9)
  An eye of devastation (Gauntlet)
  3 gargoyles
  An orange demon (D:8)
  A rime drake (shapeshifter) (D:13)
  Jeremiah (Lair:1)
  Maggie (D:10)
  3 yaktaurs
  An unseen horror zombie (D:8)
  4 rime drakes
  An efreet (D:14)
  A freezing wraith (D:8)
  7 tengu conjurers
  4 unseen horrors
  5 trolls
  10 komodo dragons
  A meliai (shapeshifter) (D:13)
  11 polar bears
  A raiju (Lair:5)
  6 meliai
  A polar bear (shapeshifter) (D:14)
  The ghost of Jaike the Trooper, an amateur DjCA of Ignis (D:5)
  Prince Ribbit (Bailey)
  13 tarantellas
  25 blink frogs
  4 tyrant leeches (Swamp:1)
  4 hornets
  A blink frog (shapeshifter) (D:15)
  4 dream sheep
  A spectral black mamba (Lair:2)
  33 jumping spiders
  6 slime creatures
  A spriggan (shapeshifter) (D:14)
  2 spriggans
  A shadow (D:9)
  9 wyverns
  A centaur simulacrum (D:14)
  5 hogs (Spider:1)
  59 yaks
  17 culicivoras
  A yak (shapeshifter) (D:15)
  3 wraiths
  A golden eye (Gauntlet)
  5 fire bats (Volcano)
  5 humans (Bailey)
  6 basilisks
  A spectral komodo dragon (Lair:2)
  2 steam dragons
  53 redbacks
  16 vampire mosquitoes
  6 wargs
  5 swamp worms (Swamp:1)
  A two-headed ogre zombie (D:9)
  2 acid dragons (D:11)
  18 water moccasins
  16 hell hounds (Lair:5)
  2 swamp drakes (Swamp:1)
  16 black bears
  18 orc warriors
  An ice beast (D:6)
  19 ogres
  13 centaurs
  29 wolves
  A phantom (D:9)
  3 kobold brigands
  19 bullfrogs
  4 gnoll sergeants
  4 necrophages (D:8)
  2 scorpions
  9 wights
  2 troll zombies (D:9)
  6 killer bees (D:9)
  4 electric eels
  The ghost of kskgo the Magician, a weakling DjFE (D:3)
  A howler monkey (D:10)
  5 lava snakes (Volcano)
  A bullfrog zombie (D:5)
  9 jellies
  A gnoll bouda (D:9)
  14 orc priests
  A hound (D:5)
  A centaur skeleton (D:5)
  Jessica (D:3)
  4 iguanas
  18 orc wizards
  A sleepcap (D:5)
  A hell rat (Sewer)
  5 ogre zombies (D:9)
  A howler monkey zombie (D:8)
  25 gnolls
  A howler monkey skeleton (D:5)
  2 adders
  4 river rats
  3 white imps
  An ufetubus (D:5)
  4 worms
  6 dart slugs
  57 orcs
  8 bats
  9 endoplasms
  4 giant cockroaches
  A gnoll zombie (D:9)
  9 goblins
  23 hobgoblins
  8 quokkas
  7 ball pythons
  3 frilled lizards
  2 gnoll skeletons (D:9)
  16 kobolds
  4 orc skeletons (D:9)
  18 orc zombies (D:9)
  12 rats
1050 creatures vanquished.

Vanquished Creatures (others)
  Nikola (Spider:2)
  An entropy weaver (Spider:2)
  A wolf (Lair:5)
  2 orc wizards
  2 orcs (D:8)
  10 foxfires (Swamp:1)
17 creatures vanquished.

Grand Total: 1067 creatures vanquished

Notes
Turn   | Place    | Note
-------+----------+-------------------------------------------
     0 | D:1      | Gumption the Gargoyle Fighter began the quest for the Orb.
     0 | D:1      | Reached XP level 1. HP: 14/14 MP: 1/1
   150 | D:1      | Reached XP level 2. HP: 19/19 MP: 2/2
   316 | D:1      | Reached XP level 3. HP: 19/23 MP: 3/3
   983 | D:2      | Reached XP level 4. HP: 12/29 MP: 4/4
  2133 | D:3      | Noticed Jessica
  2140 | D:3      | Killed Jessica
  2141 | D:3      | Reached XP level 5. HP: 33/33 MP: 5/5
  2346 | D:3      | Found Forch's Distillery.
  2354 | D:3      | Bought a potion of curing for 36 gold pieces
  2354 | D:3      | Bought a potion of might for 48 gold pieces
  2439 | D:3      | Found a bloodstained altar of Trog.
  2485 | D:3      | Became a worshipper of Trog the Wrathful
  2520 | D:3      | Found a large runed translucent door.
  2527 | D:3      | Found a large runed translucent door.
  2530 | D:3      | Noticed kskgo's ghost (weakling DjFE)
  2974 | D:3      | Killed kskgo's ghost
  3030 | D:4      | Reached XP level 6. HP: 3/38 MP: 6/6
  3973 | D:5      | Entered Level 5 of the Dungeon
  3984 | D:5      | Noticed a black bear
  4100 | D:5      | Identified the +1 robe of Vanity {rCorr SInv}
  4166 | D:5      | Reached * piety under Trog
  4189 | D:5      | Found a runed translucent gate.
  4189 | D:5      | Found a runed translucent gate.
  4189 | D:5      | Found a runed translucent gate.
  4193 | D:5      | Noticed Jaike's ghost (amateur DjCA)
  4308 | D:5      | Found a glowing drain.
  4317 | Sewer    | Entered a sewer
  4327 | Sewer    | Reached XP level 7. HP: 42/44 MP: 7/7
  4485 | D:5      | Reached skill level 5 in Maces & Flails
  4584 | D:5      | Reached skill level 5 in Shields
  4667 | D:5      | Reached skill level 5 in Fighting
  4667 | D:5      | Reached skill level 5 in Armour
  4679 | D:5      | Found a glowing silver altar of Zin.
  4683 | D:5      | Found a sacrificial altar of Ru.
  4835 | D:5      | Found Hyasun's Distillery.
  4856 | D:5      | Reached XP level 8. HP: 47/49 MP: 8/8
  4868 | D:5      | Bought a potion of degeneration for 14 gold pieces
  5708 | D:6      | Reached ** piety under Trog
  5861 | D:6      | Found an ancient bone altar of Kikubaaqudgha.
  6328 | D:6      | Reached XP level 9. HP: 56/56 MP: 9/9
  6950 | D:7      | Found a shimmering blue altar of Sif Muna.
  7001 | D:7      | Identified a scroll of acquirement
  7002 | D:7      | Acquired a manual of Maces & Flails
  7369 | D:7      | Found a staircase to the Ecumenical Temple.
  7375 | Temple   | Entered the Ecumenical Temple
  7641 | D:8      | Noticed an orange demon
  7721 | D:8      | Found a flagged portal.
  7734 | Bailey   | Entered a bailey
  8006 | Bailey   | Noticed Prince Ribbit
  8010 | Bailey   | Noticed a vault guard
  8012 | Bailey   | Reached skill level 10 in Maces & Flails
  8040 | Bailey   | Killed a vault guard
  8041 | Bailey   | Reached XP level 10. HP: 64/64 MP: 10/10
  8056 | Bailey   | Killed Prince Ribbit
  8344 | Bailey   | Noticed a vault guard
  8354 | Bailey   | Killed a vault guard
  8367 | Bailey   | Acquired 881 gold pieces
  8627 | D:8      | Noticed Amaemon
  8642 | D:8      | Killed an orange demon
  8708 | D:8      | Killed Amaemon
  8709 | D:8      | Reached skill level 10 in Armour
  9020 | D:8      | Found a hazy altar of Hepliaklqana.
  9023 | D:8      | Found a faded altar of an unknown god.
  9034 | D:8      | Reached XP level 11. HP: 69/69 MP: 11/11
  9159 | D:8      | Found a blossoming altar of Fedhas.
  9274 | D:9      | Noticed a cyclops
  9274 | D:9      | Noticed a boulder beetle
  9275 | D:9      | Noticed an arcanist
  9421 | D:9      | Identified the +3 robe "Utyrgh" {rElec Int+2}
  9774 | D:9      | Found a staircase to the Orcish Mines.
  9853 | D:9      | Killed a cyclops
 10247 | D:9      | Reached *** piety under Trog
 10417 | D:9      | Killed a boulder beetle
 10638 | D:9      | Found an ornate altar of the Wu Jian Council.
 10675 | D:9      | Noticed a cyclops
 10682 | D:9      | Killed a cyclops
 10696 | D:9      | Noticed a two-headed ogre
 10704 | D:9      | Killed a two-headed ogre
 10705 | D:9      | Reached skill level 10 in Fighting
 10820 | D:9      | Killed an arcanist
 11065 | D:10     | Entered Level 10 of the Dungeon
 11137 | D:10     | Reached skill level 1 in Dodging
 11447 | D:10     | Reached XP level 12. HP: 73/77 MP: 12/12
 11672 | D:10     | Noticed a two-headed ogre
 11676 | D:10     | Noticed Maggie
 11692 | D:10     | Killed a two-headed ogre
 11764 | D:10     | Noticed a two-headed ogre
 11796 | D:10     | Killed a two-headed ogre
 11967 | D:10     | Found a staircase to the Lair.
 12037 | D:10     | Killed Maggie
 12608 | D:5      | Killed Jaike's ghost
 12738 | Lair:1   | Entered Level 1 of the Lair of Beasts
 12866 | Lair:1   | Found a dark tunnel.
 12886 | Volcano  | Entered a volcano
 13097 | Volcano  | Noticed a centaur warrior
 13097 | Volcano  | Noticed a hell knight
 13114 | Volcano  | Killed a centaur warrior
 13115 | Volcano  | Reached skill level 5 in Dodging
 13208 | Volcano  | Killed a hell knight
 13458 | Volcano  | Found a radiant altar of Vehumet.
 13494 | Volcano  | Found a bloodstained altar of Trog.
 13600 | Lair:1   | Noticed Jeremiah
 13627 | Lair:1   | Killed Jeremiah
 13628 | Lair:1   | Reached XP level 13. HP: 74/84 MP: 13/13
 13874 | Lair:1   | Noticed Acikaus's ghost (journeyman MiFi)
 13875 | Lair:1   | Found a transporter.
 13888 | Lair:1   | Found a transporter.
 14058 | Lair:1   | You fall into a shaft and drop 1 floor!
 14105 | Lair:1   | HP: 2/84 [rime drake/icy flash freeze (13)]
 14301 | Lair:2   | Found a gate leading to a gauntlet.
 14312 | Gauntlet | Entered a Gauntlet
 14312 | Gauntlet | Found a runed translucent door.
 14312 | Gauntlet | Found a transporter.
 14312 | Gauntlet | Found a runed translucent door.
 14320 | Gauntlet | Found a transporter.
 14322 | Gauntlet | Found a transporter.
 14338 | Gauntlet | Found a transporter.
 14341 | Gauntlet | Found a transporter.
 14356 | Gauntlet | Found a transporter.
 14364 | Gauntlet | Found a transporter.
 14471 | Gauntlet | Noticed a cacodemon
 14474 | Gauntlet | Found a transporter.
 14484 | Gauntlet | Found a transporter.
 14501 | Gauntlet | Found a transporter.
 14507 | Gauntlet | Found a transporter.
 14511 | Gauntlet | Found a transporter.
 14716 | Gauntlet | Found a transporter.
 14762 | Gauntlet | Found a transporter.
 14819 | Gauntlet | Identified the ring "Zofry" {Fire rElec Str+4}
 14887 | Gauntlet | Noticed a minotaur
 14897 | Gauntlet | Killed a minotaur
 14989 | Lair:2   | Gained mutation: Your large and strong wings let you fly.
                  | [Gargoyle growth]
 14989 | Lair:2   | Reached XP level 14. HP: 95/95 MP: 14/14
 14992 | Lair:2   | Reached XP level 15. HP: 100/100 MP: 15/15
 15738 | Lair:2   | Found a hole to the Spider Nest.
 15844 | Lair:2   | Noticed Harold
 15857 | Lair:2   | Killed Harold
 16513 | Lair:2   | Found a staircase to the Swamp.
 17056 | Lair:2   | Reached skill level 10 in Shields
 17148 | Lair:3   | Reached **** piety under Trog
 17874 | Lair:3   | Reached XP level 16. HP: 93/107 MP: 16/16
 18303 | Lair:4   | Found a staircase to the Slime Pits.
 18388 | Lair:4   | Found a viscous altar of Jiyva.
 18888 | Lair:5   | Entered Level 5 of the Lair of Beasts
 19469 | Lair:5   | Reached ***** piety under Trog
 19745 | Lair:5   | Reached skill level 15 in Fighting
 20064 | Lair:5   | Reached skill level 15 in Armour
 21554 | D:12     | Reached skill level 10 in Throwing
 21701 | D:12     | Received a gift from Trog
 23806 | D:14     | Found a stormy altar of Qazlal.
 23945 | D:14     | Found a gate to the Vaults.
 24059 | D:14     | Reached XP level 17. HP: 63/115 MP: 17/17
 24833 | D:14     | Found Pethutza's Weapon Shoppe.
 24885 | D:15     | Entered Level 15 of the Dungeon
 25204 | D:15     | Found a staircase to the Depths.
 25241 | D:15     | Received a gift from Trog
 25872 | D:15     | Found Jufof's Overcharged Wands.
 25879 | D:15     | Bought a wand of digging (11) for 693 gold pieces
 26158 | D:3      | Bought a potion of invisibility for 96 gold pieces
 26230 | D:5      | Bought a potion of heal wounds for 70 gold pieces
 26230 | D:5      | Bought a potion of resistance for 140 gold pieces
 26230 | D:5      | Bought a potion of attraction for 42 gold pieces
 26230 | D:5      | Bought a potion of cancellation for 112 gold pieces
 26230 | D:5      | Bought a potion of invisibility for 112 gold pieces
 26230 | D:5      | Bought a potion of haste for 140 gold pieces
 26340 | Orc:1    | Entered Level 1 of the Orcish Mines
 26366 | Orc:1    | Found Lixteh's Magic Scroll Shoppe.
 26369 | Orc:1    | Bought a scroll of fear for 56 gold pieces
 26721 | Orc:1    | Found Gaubeiph's CLEARANCE SALE!.
 26729 | Orc:1    | Bought a +0 cloak of willpower for 57 gold pieces
 26954 | Orc:2    | Entered Level 2 of the Orcish Mines
 27102 | Orc:2    | Found a staircase to the Elven Halls.
 27970 | Orc:2    | Found Hyalew's Weapon Emporium.
 28013 | Orc:2    | Found Yrghaol's Assorted Antiques.
 28013 | Orc:2    | Found Gumikk's Antique Armour Shoppe.
 28014 | Orc:2    | Found Oveuf's Distillery.
 28045 | Orc:2    | Bought a steaming plate armour for 560 gold pieces
 28045 | Orc:2    | Identified the +4 plate armour of the Hot Ocelot {rF+
                  | Regen+} (You bought it in a shop on level 2 of the Orcish
                  | Mines)
 28481 | Spider:1 | Entered Level 1 of the Spider Nest
 28622 | Spider:1 | Reached skill level 1 in Evocations
 28774 | Spider:1 | Noticed Kirke
 28785 | Spider:1 | Killed Kirke
 29143 | Spider:1 | Noticed Louise
 29179 | Spider:1 | Killed Louise
 29852 | Spider:2 | Acquired the ring "Geaschakk" {rF+ rN+ Will+ SInv}
 29875 | Spider:2 | Noticed Arachne
 29909 | Spider:2 | Killed Arachne
 30310 | Spider:2 | Noticed Frances
 30328 | Spider:2 | Killed Frances
 30342 | Spider:2 | Noticed Nikola
 30376 | Spider:2 | Killed Nikola
 30377 | Spider:2 | Reached XP level 18. HP: 89/122 MP: 18/18
 31415 | Spider:3 | Found a transporter.
 31418 | Spider:3 | Noticed Taweuko's ghost (adept TrSh)
 31655 | Spider:3 | Found a transporter.
 31816 | Spider:4 | Entered Level 4 of the Spider Nest
 31868 | Spider:4 | Reached skill level 15 in Maces & Flails
 32775 | Spider:4 | Received a gift from Trog
 33277 | Spider:4 | Noticed Mara
 33298 | Spider:4 | Noticed Gumption's illusion
 33311 | Spider:4 | Killed Mara
 33312 | Spider:4 | Reached XP level 19. HP: 129/130 MP: 19/19
 33593 | Spider:4 | Got a gossamer rune of Zot
 33842 | Lair:2   | Upgraded the game from 0.31-a0-1084-gb392501acf to
                  | 0.31-a0-1093-gadecf4124d
 33843 | Swamp:1  | Entered Level 1 of the Swamp
 34977 | Swamp:2  | HP: 6/130 [goliath frog (9)]
 34977 | Swamp:2  | Splashed by a goliath frog's acid

Illustrated notes

Levels and vault maps discovered:
D:1:      onia_arrival_mini_spirals, layout_rooms, serial_corexii_hall,
          corexii_hall_statues_u, corexii_hall_statues_s,
          corexii_hall_statues_i, chequers_hall_statues_y,
          hangedman_abyss_or_decor_stabs
D:2:      layout_basic
D:3:      layout_loops_ring, trog_hazing_becter, serial_shops, shop,
          ebering_ghost_disaster_area, chequers_serial_rivers_micro_a,
          uniq_jessica
D:4:      layout_basic
D:5:      minmay_evil_eye, layout_basic, mainiacjoe_overflow_catwalk_spiral,
          cheibrodos_sewer_entry_sluice, gammafunk_ghost_necromancy,
          nicolae_stop_n_shop_2, minmay_diced_spiral
D:6:      layout_basic, mainiacjoe_overflow_concentric_impassable,
          kennysheep_cross_room
D:7:      layout_basic, marbit_many_paths, minmay_temple_entry_gardened_gates
D:8:      layout_rooms, beargit_hepliaklqana_dungeon_heroes,
          fedhas_altar_decomposition, enter_bailey_3, uniq_amaemon
D:9:      minmay_blocky_corners, layout_irregular_city,
          nicolae_wu_jian_immortal_techniques, zombieorc2_lemuel,
          minmay_fractal_squares_diagonal_5
D:10:     layout_irregular_city, dpeg_oklobed_lair, onia_ninara_cookie,
          uniq_maggie
D:11:     layout_big_octagon
D:12:     cheibrodos_orc_bank, layout_small_grid, minmay_between
D:13:     layout_basic
D:14:     layout_roguey, erik_vaults_2, nicolae_qazlal_eye_of_the_storm,
          serial_shops, kennysheep_mini
D:15:     hangedman_depths_entry_civil_slaughter, layout_rooms,
          ebering_dispersal_statue_hall, hangedman_decor_slide_cut,
          minmay_door_square, nicolae_shop_overcharged_wands
Temple:   compressed_dpeg_circular_temple
Lair:1:   layout_gridlike, nicolae_volcano_entry_vermiform,
          gammafunk_ghost_arena, wad_woods_road_03, uniq_jeremiah
Lair:2:   layout_cave_pods, nicolae_swamp_entry_spooky,
          spider_nest_entry_web_field, gauntlet_entry_generic,
          beast_lair_carwin_8, uniq_harold
Lair:3:   layout_cave_pods, st_stairs_4, grunt_megastairs_1, lemuel_fruit_tree,
          serial_bayou_shore_b, serial_bayou_shore_a
Lair:4:   layout_gridlike, nicolae_slime_entry_field_trip
Lair:5:   hangedman_lair_caniforms_friends, layout_loops_ring,
          serial_bayou_lake_a
Swamp:1:  layout_basic_swamp, evilmike_swamp_ruin_house_1, swamp_pool_1_2,
          infiniplex_staircase_pool_2
Swamp:2:  layout_basic_swamp, ebering_ghost_rock_garden,
          nicolae_swamp_rocky_clearing, swamp_pool_1_2,
          nicolae_swamp_alligator_family, nicolae_swamp_decorative_isthmus,
          infiniplex_staircase_pool
Spider:1: layout_spider_delve, uniq_louise, uniq_kirke
Spider:2: layout_spider_delve, uniq_frances, uniq_nikola, uniq_arachne
Spider:3: layout_spider_delve, gammafunk_ghost_mausoleum
Spider:4: grunt_spider_rune_circles, uniq_mara
Orc:1:    layout_diamond_mine, serial_shops, nicolae_shop_real_fake_doors,
          basic_altar, nicolae_shop_clearance
Orc:2:    st_orc_ogre_mass, layout_caves

Skill      XL: |  1  2  3  4  5  6  7  8  9 10 11 12 13 14 15 16 17 18 |
---------------+-------------------------------------------------------+-----
Maces & Flails | 3 4 5 7 10 12 14 16 | 16.2
Fighting       | 4 5 6 7 8 10 11 13 14 15 16 18 | 18.2
Armour         | 4 5 6 8 10 12 13 14 15 16 18 | 18.2
Shields        | 4 5 6 8 9 10 12 14 | 14.6
Dodging        | 1 5 6 8 |  8.0
Throwing       | 6 7 11 12 | 12.0
Evocations     | 3 |  3.0

Action                     |  1- 3 |  4- 6 |  7- 9 | 10-12 | 13-15 | 16-18 | 19-21 || total
---------------------------+-------+-------+-------+-------+-------+-------+-------++-------
  Melee: Flail             |   112 |   230 |   386 |   113 |       |       |       ||   841
         Demon whip        |       |       |       |   746 |   728 |  3017 |   241 ||  4732
   Fire: Sling             |       |     9 |     8 |       |       |       |       ||    17
  Throw: Boomerang         |       |       |    39 |       |       |     1 |       ||    40
         Dart              |       |       |       |    28 |       |       |       ||    28
         Javelin           |       |       |       |       |       |    34 |       ||    34
 Invoke: Berserk           |       |       |     3 |     8 |     5 |     2 |       ||    18
         Trog's Hand       |       |       |     5 |    32 |    19 |    47 |     1 ||   104
  Evoke: Wand              |       |     2 |     1 |     3 |       |     2 |       ||     8
    Use: Scroll            |     1 |     2 |     7 |    11 |    10 |     8 |     2 ||    41
         Potion            |     1 |     1 |       |     1 |     4 |     1 |     1 ||     9
   Stab: Distracted        |       |       |     1 |       |       |       |       ||     1
 Armour: Scale mail        |    85 |   141 |   159 |       |       |       |       ||   385
         Plate armour      |       |       |   117 |   490 |   401 |  1625 |   157 ||  2790
         Chain mail        |       |       |       |     2 |       |       |       ||     2
  Dodge: Dodged            |    52 |   103 |    96 |   149 |   187 |   676 |    55 ||  1318
  Block: Buckler           |    28 |    54 |   184 |   330 |   293 |   448 |       ||  1337
         Reflection        |       |       |    13 |    16 |     3 |    25 |     5 ||    62
         Kite shield       |       |       |       |       |       |  1764 |   231 ||  1995

Table legend: (Time is in decaauts)
 A = Elapsed time spent in this place.
 B = Non-inter-level travel time spent in this place.
 C = Inter-level travel time spent in this place.
 D = Time resting spent in this place.
 E = Time spent auto-exploring this place.
 F = Levels seen in this place.
 G = Mean time per level.
                   A        B        C        D        E       F      G
               +--------+--------+--------+--------+--------+-----+--------+
         Total |  33193 |  31458 |   1735 |   5222 |  10061 |  33 | 1005.8 |
       Dungeon |  16969 |  15920 |   1049 |   2716 |   6142 |  15 | 1131.3 |
        Temple |     67 |     67 |      0 |      0 |      0 |   1 |   67.0 |
          Lair |   6352 |   6060 |    292 |    848 |   1813 |   5 | 1270.4 |
         Swamp |   1043 |   1013 |     30 |    149 |    354 |   2 |  521.5 |
   Spider Nest |   4708 |   4439 |    269 |    561 |   1085 |   4 | 1177.0 |
  Orcish Mines |   1885 |   1791 |     94 |    155 |    608 |   2 |  942.5 |
         Sewer |    173 |    173 |      0 |     39 |     11 |   1 |  173.0 |
        Bailey |    696 |    696 |      0 |    314 |      1 |   1 |  696.0 |
       Volcano |    626 |    626 |      0 |    225 |     31 |   1 |  626.0 |
      Gauntlet |    669 |    669 |      0 |    213 |     15 |   1 |  669.0 |
               +--------+--------+--------+--------+--------+-----+--------+

Top non-repeatable levels by time:
  Lair:5: 1700 daAuts
     D:9: 1661 daAuts
    D:10: 1462 daAuts
  Lair:2: 1446 daAuts
  Lair:1: 1434 daAuts
     D:6: 1417 daAuts
    D:14: 1386 daAuts
Spider:4: 1358 daAuts
     D:5: 1354 daAuts
     D:2: 1329 daAuts
   Orc:2: 1273 daAuts
Spider:2: 1233 daAuts
Spider:3: 1142 daAuts
  Lair:3: 1125 daAuts
    D:12: 1112 daAuts
